 Dungeon Sprint DCSS version 0.16-a0-3820-g492871e (console) character file.

4308 mauris the Demolition Dwarf (level 10, -1/103 HPs)
             Began as a Deep Dwarf Fighter on Jan 28, 2015.
             Was an Elder of Makhleb.
             Slain by a 15-headed hydra (8 damage)
             ... in the Dungeon (Sprint I: "Red Sonja").
             The game lasted 00:04:58 (553 turns).

mauris the Demolition Dwarf (Deep Dwarf Fighter)     Turns: 553, Time: 00:04:59

Health: -1/103     AC:  8    Str: 19    XL:     10   Next: 11%
Magic:  12/12      EV: 13    Int: 10    God:    Makhleb [****..]
Gold:   550        SH:  9    Dex: 15    Spells: 0 memorised, 9 levels left

rFire  . . .     SeeInvis .     a - +0 war axe
rCold  . . .     Clarity  .     b - +0 scale mail
rNeg   . . .     SustAb   .     c - +0 shield
rPois  .         Gourm    .     (no helmet)
rElec  .         Spirit   .     (no cloak)
rCorr  .         Warding  .     (no gloves)
rMut   .         NoTele   +     (no boots)
MR     +....                    (no amulet)
Stlth  ..........               (no ring)
                                (no ring)

@: non-regenerating, somewhat resistant to hostile enchantments, extremely
unstealthy
A: damage resistance, recharge devices, sense surroundings 2, slow healing 3
a: Device Recharging, Minor Destruction, Lesser Servant of Makhleb, Major
Destruction, Renounce Religion


You were in the Dungeon.
You worshipped Makhleb.
Makhleb was greatly pleased with you.
You were not hungry.

You visited 1 branch You collected 550 gold pieces.

Inventory:

Hand weapons
 a - a +0 war axe (weapon)
Armour
 b - a +0 scale mail (worn)
 c - a +0 shield (worn)
Magical devices
 d - a wand of heal wounds (3) {@v2}
Scrolls
 l - a scroll of blinking
Potions
 g - a potion of curing {@q1}
 h - a potion of heal wounds {@q2}
 i - a potion of haste {@q3}
 j - 2 potions of magic
 k - a potion of berserk rage {!q}
Comestibles
 f - a bread ration
 m - 18 chunks of flesh
 n - a meat ration


   Skills:
 + Level 10.7 Fighting
 + Level 12.2 Axes
 + Level 10.9 Armour
 + Level 10.2 Dodging
 - Level 3.2 Shields
 - Level 14.0 Invocations
 - Level 6.6 Evocations


You had 9 spell levels left.
You didn't know any spells.

Dungeon Overview and Level Annotations

Branches:
Dungeon (1/1)

Altars:
Cheibriados
Dithmenos
Elyvilon
Fedhas
Gozag
Kikubaaqudgha
Makhleb
Nemelex Xobeh
Okawaru
Qazlal
Ru
Sif Muna
Trog
Vehumet
Xom
Yredelemnul
Zin
The Shining One
Jiyva

Shops:
D :


Innate Abilities, Weirdness & Mutations

You are resistant to damage.
You can recharge devices by infusing magical energy.
You passively map the area around you.
You do not heal naturally.


Message History

The 14-headed hydra bites you. The 14-headed hydra closely misses you.
The 14-headed hydra bites you. You block the 14-headed hydra's attack.
The 14-headed hydra bites you!
The 14-headed hydra bites you but does no damage.
The 14-headed hydra bites you! x2
* * * LOW HITPOINT WARNING * * *
You block the 14-headed hydra's attack. x2
The 14-headed hydra bites you.
* * * LOW HITPOINT WARNING * * *
The 14-headed hydra closely misses you.
Huge Dmg: -29%(-30hp) hp: 16%(16hp) Unknown command.
You slice one of the 14-headed hydra's heads off!
The 13-headed hydra grows two more!
You hit the 15-headed hydra.
The 15-headed hydra is severely wounded.
The 15-headed hydra bites you. The 15-headed hydra bites you!
* * * LOW HITPOINT WARNING * * *
The 15-headed hydra bites you. You block the 15-headed hydra's attack.
The 15-headed hydra bites you!
You die...

#######################
* *
'...#(.#.00.%.00qDG'.$#
,
#...##'#0####.0000##$.+
, * #...'00#0# ##000##
*## +* #####.00.#
,###+#,, ,, * *#)####
*.# * + #.0.00# , .. ,~
*,,#.0000+, , #.#, ,*
###.0.#, .## , *,,
*00.# + * ##.. ,


You could see a 15-headed hydra and a giant eyeball.

Vanquished Creatures
  A lindwurm (D)
  A gargoyle (D)
  2 kobold demonologists (D)
  4 demonic crawlers (D)
  A slime creature (D)
  A yak (D)
  13 hogs (D)
  Sigmund (D)
  An ogre (D)
  A crimson imp (D)
  A jelly (D)
  Ijyb (D)
  A giant eyeball (D)
29 creatures vanquished.

Vanquished Creatures (others)
  An Executioner (D)
  A blizzard demon (D)
2 creatures vanquished.

Grand Total: 31 creatures vanquished

Notes
Turn   | Place    | Note
--------------------------------------------------------------
     0 | D        | mauris, the Deep Dwarf Fighter, began the quest for the Orb.
     0 | D        | Reached XP level 1. HP: 20/20 MP: 1/1
     1 | D        | Noticed Ijyb
    15 | D        | Killed Ijyb
    15 | D        | Reached skill level 4 in Fighting
    15 | D        | Reached XP level 2. HP: 27/30 MP: 2/2
    20 | D        | Noticed an ogre
    24 | D        | Huge Dmg: 21 Dmg
    27 | D        | Huge Dmg: 11 Dmg
    29 | D        | Huge Dmg: 25 Dmg
    30 | D        | Killed an ogre
    30 | D        | Reached skill level 6 in Fighting
    30 | D        | Reached XP level 3. HP: 36/40 MP: 3/3
    30 | D        | Reached XP level 4. HP: 43/48 MP: 4/4
    41 | D        | Noticed Sigmund
    60 | D        | Killed Sigmund
    60 | D        | Reached skill level 7 in Axes
    60 | D        | Reached XP level 5. HP: 44/56 MP: 5/8
   100 | D        | Found a deep blue altar of Sif Muna.
   101 | D        | Noticed a jelly
   102 | D        | Found a radiant altar of Vehumet.
   105 | D        | Killed a jelly
   114 | D        | Found Kavusm's Book Emporium.
   114 | D        | Found a white marble altar of Elyvilon.
   114 | D        | Found a stormy altar of Qazlal.
   114 | D        | Found a burning altar of Makhleb.
   114 | D        | Found a sacrificial altar of Ru.
   114 | D        | Found a basalt altar of Yredelemnul.
   114 | D        | Found a glowing golden altar of the Shining One.
   114 | D        | Found a sparkling altar of Nemelex Xobeh.
   114 | D        | Found a shimmering altar of Xom.
   114 | D        | Found an opulent altar of Gozag.
   114 | D        | Found an ancient bone altar of Kikubaaqudgha.
   114 | D        | Found a glowing silver altar of Zin.
   114 | D        | Noticed a yak
   134 | D        | Killed a yak
   134 | D        | Reached skill level 8 in Axes
   134 | D        | Reached XP level 6. HP: 46/66 MP: 8/11
   135 | D        | Found an iron altar of Okawaru.
   136 | D        | Found a bloodstained altar of Trog.
   138 | D        | Became a worshipper of Makhleb the Destroyer
   162 | D        | Found a viscous altar of Jiyva.
   162 | D        | Found a blossoming altar of Fedhas.
   162 | D        | Noticed a slime creature
   163 | D        | Found a snail-covered altar of Cheibriados.
   163 | D        | Found a shadowy altar of Dithmenos.
   173 | D        | Huge Dmg: 14 Dmg
   175 | D        | Huge Dmg: 13 Dmg
   181 | D        | Huge Dmg: 23 Dmg
   184 | D        | Huge Dmg: 18 Dmg
   186 | D        | Huge Dmg: 15 Dmg
   191 | D        | Killed a slime creature
   191 | D        | Reached XP level 7. HP: 66/72 MP: 11/15
   205 | D        | Noticed a kobold demonologist
   207 | D        | Noticed a kobold demonologist
   213 | D        | Killed a kobold demonologist
   213 | D        | Acquired Makhleb's first power
   213 | D        | Reached skill level 12 in Invocations
   215 | D        | Killed a kobold demonologist
   215 | D        | Reached skill level 14 in Invocations
   215 | D        | Reached XP level 8. HP: 73/80 MP: 15/21
   219 | D        | Reached skill level 5 in Dodging
   223 | D        | Noticed a demonic crawler
   223 | D        | Noticed a demonic crawler
   223 | D        | Noticed a demonic crawler
   223 | D        | Noticed a demonic crawler
   229 | D        | Huge Dmg: 14 Dmg
   248 | D        | Huge Dmg: 21 Dmg
   251 | D        | Huge Dmg: 15 Dmg
   253 | D        | Killed a demonic crawler
   253 | D        | Acquired Makhleb's second power
   255 | D        | Huge Dmg: 15 Dmg
   265 | D        | Huge Dmg: 17 Dmg
   273 | D        | Killed a demonic crawler
   275 | D        | Huge Dmg: 14 Dmg
   277 | D        | Huge Dmg: 9 Dmg
   297 | D        | Killed a demonic crawler
   297 | D        | Reached skill level 10 in Axes
   328 | D        | Killed a demonic crawler
   328 | D        | Acquired Makhleb's third power
   328 | D        | Gained mutation: You passively map the area around you. [level up]
   328 | D        | Reached XP level 9. HP: 81/91 MP: 15/15
   339 | D        | Noticed a gargoyle
   349 | D        | Killed a gargoyle
   366 | D        | Noticed a lindwurm
   371 | D        | Huge Dmg: 33 Dmg
   380 | D        | Huge Dmg: 36 Dmg
   389 | D        | Huge Dmg: 19 Dmg
   395 | D        | Killed a lindwurm
   410 | D        | Noticed a hog
   410 | D        | Noticed a hog
   410 | D        | Noticed a hog
   410 | D        | Noticed a hog
   410 | D        | Noticed a hog
   410 | D        | Noticed a hog
   410 | D        | Noticed a hog
   410 | D        | Noticed a hog
   414 | D        | Killed a hog
   415 | D        | Noticed a hog
   421 | D        | Killed a hog
   421 | D        | Acquired Makhleb's fourth power
   427 | D        | Noticed a hog
   431 | D        | Killed a hog
   434 | D        | Noticed a hog
   437 | D        | Killed a hog
   437 | D        | Reached skill level 10 in Fighting
   439 | D        | Killed a hog
   439 | D        | Reached skill level 10 in Armour
   453 | D        | Killed a hog
   458 | D        | Killed a hog
   458 | D        | Acquired Makhleb's fifth power
   460 | D        | Noticed a hog
   470 | D        | Killed a hog
   480 | D        | Killed a hog
   484 | D        | Noticed a hog
   496 | D        | Killed a hog
   496 | D        | Reached XP level 10. HP: 100/103 MP: 12/12
   511 | D        | Killed a hog
   511 | D        | Reached skill level 10 in Dodging
   525 | D        | Killed a hog
   530 | D        | Killed a hog
   543 | D        | Noticed a 12-headed hydra
   545 | D        | Huge Dmg: 28 Dmg
   552 | D        | Huge Dmg: 21 Dmg
   553 | D        | Huge Dmg: 30 Dmg
   553 | D        | Slain by a 15-headed hydra

Action                   |  1- 3 |  4- 6 |  7- 9 | 10-12 || total
-------------------------+-------+-------+-------+-------++-------
Melee: War axe           |    19 |    57 |   181 |    23 ||   280
Invok: Greater Servant o |       |       |       |     2 ||     2
 Abil: Device Recharging |       |     3 |    11 |       ||    14
Evoke: Wand              |     3 |    10 |    32 |     1 ||    46
  Use: Potion            |       |       |     2 |       ||     2

Vault maps used:
D:        dungeon_sprint_1
